 Dungeon Crawl Stone Soup version 0.27-a0-96-gb51a1d6fd6 (webtiles) character file.

Game seed: 8350476647410265949

23823 shitwizard the Brawler (level 12, -1/166 HPs)
             Began as a Troll Berserker on Jan 20, 2021.
             Was a High Priest of Trog.
             Slain by an orc (4 damage)
             ... while paralysed
             ... on level 1 of the Orcish Mines.
             The game lasted 01:32:53 (11260 turns).

shitwizard the Brawler (Troll Berserker)           Turns: 11260, Time: 01:32:56

Health: -1/166     AC:  7    Str: 34      XL:     12   Next: 75%
Magic:  11/11      EV:  1    Int:  0 (3)  God:    Trog [*****.]
Gold:   822        SH:  0    Dex: 15      Spells: 11/11 levels left

rFire    . . .     SeeInvis +     - Unarmed
rCold    + . .     Faith    .   H - +6 tower shield of Nisud {+Fly Regen+}
rNeg     . . .     Spirit   .   u - +1 troll leather armour
rPois    .         Reflect  .   (helmet restricted)
rElec    .         Harm     .   (no cloak)
rCorr    .         Rampage  .   (gloves unavailable)
Will     .....                  (boots unavailable)
Stlth    ..........             (no amulet)
HPRegen  1.57/turn              i - ring of see invisible
MPRegen  0.12/turn              L - +6 ring of dexterity

@: paralysed, mighty, berserking (expiring), hasted and slowed, lost
intelligence
A: large, unfitting armour, claws 3, cold resistance 1, deformed body,
regeneration 1, shaggy fur 1, strong 1, tough skin 3
a: Renounce Religion, Evoke Flight, Berserk, Trog's Hand, Brothers in Arms


You were on level 1 of the Orcish Mines.
You worshipped Trog.
Trog was extremely pleased with you.
You visited 3 branches of the dungeon, and saw 16 of its levels.
You visited the Abyss 1 time.
You also visited: Sewer.

You collected 822 gold pieces.

Inventory:

Hand Weapons
 v - a +3 war axe
 R - a +3 great sword
 Z - the +4 dagger of Ethoinwu {venom, rElec rC+ Will++ Stlth-}
   (You took it off a big kobold on level 5 of the Dungeon)

   It poisons the flesh of those it strikes.
   It protects you from cold.
   It insulates you from electricity.
   It affects your willpower, your defense against some magical effects.
   It makes you less stealthy.
Missiles
 q - 172 stones
 s - 2 throwing nets
 Q - 68 arrows
Armour
 a - a +2 animal skin
 u - a +1 troll leather armour (worn)
 H - the +6 tower shield of Nisud (worn) {+Fly Regen+}
   (You acquired it on level 6 of the Dungeon)

   It lets you fly.
   It increases your rate of regeneration.
Jewellery
 i - a ring of see invisible (left claw)
 j - a +6 ring of strength
 k - the ring of Dim Light {rC+ Str+4}
   (You acquired it on level 13 of the Dungeon)

   [ring of protection from cold]

   It affects your strength (+4).
   It protects you from cold.
 z - an uncursed ring of poison resistance
 B - an uncursed ring of resist corrosion
 L - a +6 ring of dexterity (right claw)
 N - an uncursed ring of positive energy
 T - an uncursed ring of ice
 W - a +6 ring of dexterity
 X - the ring of the Doge {Will+ Int+3}
   (You found it on level 9 of the Dungeon)

   [ring of willpower]

   It affects your intelligence (+3).
   It affects your willpower, your defense against some magical effects.
Wands
 e - a wand of digging (3)
 M - a wand of flame (50)
 U - a wand of paralysis (6)
 Y - a wand of random effects (24)
Scrolls
 g - 6 scrolls of amnesia
 h - a scroll of fear
 o - 5 scrolls of identify
 t - 3 scrolls of magic mapping
 w - 4 scrolls of teleportation
 x - 2 scrolls of blinking
 C - 4 scrolls of random uselessness
 G - 7 scrolls of remove curse
 J - 2 scrolls of enchant weapon
 P - a scroll of immolation
 S - 4 scrolls of noise
Potions
 b - 7 potions of might
 c - a potion of ambrosia
 n - 10 potions of curing
 A - a potion of magic {unknown}
 D - 4 potions of flight
 E - 4 potions of haste
 F - 6 potions of heal wounds
 K - a potion of berserk rage {unknown}
 O - 2 potions of attraction
Miscellaneous
 f - a tin of tremorstones (2/2)


   Skills:
 + Level 5.0 Fighting
 + Level 2.4 Armour
 + Level 7.8 Dodging
 - Level 0.7 Stealth
 + Level 7.9 Shields
 + Level 15.7 Unarmed Combat


You had 11 spell levels left.
You didn't know any spells.
Your spell library contained the following spells:

 Spells                   Type           Power        Failure   Level
 Animate Skeleton         Necr           0%           98%         1
 Apportation              Tloc           0%           98%         1
 Corona                   Hex            0%           98%         1
 Sting                    Tmut/Pois      0%           98%         1
 Summon Small Mammal      Summ           0%           98%         1
 Call Imp                 Summ           0%           99%         2
 Poisonous Vapours        Pois/Air       0%           99%         2
 Call Canine Familiar     Summ           0%           100%        3
 Ignite Poison            Fire/Tmut/Pois 0%           100%        3
 Mephitic Cloud           Conj/Pois/Air  0%           100%        3
 Summon Guardian Golem    Hex/Summ       0%           100%        3
 Olgreb's Toxic Radiance  Pois           0%           100%        4
 Summon Ice Beast         Ice/Summ       0%           100%        4
 Summon Lightning Spire   Summ/Air       0%           100%        4


Dungeon Overview and Level Annotations

Branches:
Dungeon (13/15)            Temple (1/1) D:5            Lair (0/6) D:9
    Orc (2/2) D:12         Vaults (0/5) D:13          Sewer (visited)
    Elf: Orc:2

Altars:
Ashenzari
Cheibriados
Dithmenos
Elyvilon
Fedhas
Gozag
Hepliaklqana
Kikubaaqudgha
Makhleb
Nemelex Xobeh
Okawaru
Qazlal
Ru
Sif Muna
Trog
Uskayaw
Vehumet
Wu Jian
Xom
Yredelemnul
Zin
The Shining One

Shops:
D:4 ?   D:8 !   D:12 ([

Annotations:
Orc:2 Urug


Innate Abilities, Weirdness & Mutations

You are too large for most types of armour.
You have claws for hands.
Your natural rate of healing is unusually fast.
You are covered in fur. (AC +1)
You have extremely tough skin. (AC +3)
Your flesh is cold resistant. (rC+)
Armour fits poorly on your strangely shaped body.
Your muscles are strong. (Str +2)


Message History

* * * LOW HITPOINT WARNING * * *
The orc warrior no longer looks unusually strong.
The orc no longer looks unusually strong.
Your iron troll barely misses the troll.
Your iron troll claws the troll.
Your iron troll claws the troll!!
The troll dies!
Trog accepts your kill.
The orc warlord roars a battlecry!
The orcs go into a battle-frenzy!
The soul eater draws from the surrounding life force!
* * * LOW HITPOINT WARNING * * *
Your iron troll is drained of life.
The orc warrior hits you from afar with a +2 vorpal trident!
* * * LOW HITPOINT WARNING * * *
x2 The orc barely misses your iron troll.
The orc knight hits you from afar with a +0 bardiche!!
* * * LOW HITPOINT WARNING * * *
The orc warrior hits your iron troll with a +0 long sword!!
The warg bites your iron troll. The orc hits you.
You die...

#...............
#.. o
...............
#<.
...#.............
#.....
................#
##.#.# ..
#..>3......#.
#####
...#.#oooo......
#
..#..ohoooo.....
# #..o.hT3oo.....
#..ooooo@o3.....
#...oooo#.......
....Oooo........
#$..#.#.#.......
..o..ยง#####.....
#..... ....#
...... .... .#.
.#.#


You could see an orc warlord (strong), an orc knight (strong), a soul eater
(summoned), a sixfirhy (summoned), a neqoxec (summoned), 2 wargs, an orc
sorcerer (strong), 6 orc warriors, an ogre, 4 orc priests, an orc wizard
(strong), 12 orcs and a friendly iron troll (summoned, berserk).

Vanquished Creatures
  Rupert (D:12)
  Snorg (D:12)
  The ghost of kae the Grappler, a journeyman NaTm of Cheibriados (D:10)
  A boulder beetle (D:13)
  2 two-headed ogres
  An iron troll (D:13)
  2 unseen horrors (D:10)
  A large abomination (Abyss:1)
  An orc knight (Orc:1)
  4 ugly things
  A deep elf mage (D:13)
  A manticore (D:11)
  The ghost of kae the Ruffian, a novice DrTm of Ru (D:5)
  2 trolls
  A hornet (D:13)
  Grinder (D:3)
  A meliai zombie (D:13)
  2 wraiths (D:11)
  9 yaks (D:11)
  A steam dragon (D:12)
  Grum (D:11)
  A basilisk (D:11)
  A wyvern (D:12)
  3 wargs
  A water moccasin (D:11)
  An ice beast (D:8)
  2 sky beasts
  2 phantoms
  10 orc warriors
  7 ogres
  An eye of draining (D:11)
  2 wolves (D:11)
  7 centaurs
  7 big kobolds
  5 bullfrogs
  A gnoll sergeant (D:10)
  A water moccasin zombie (D:6)
  A wyvern skeleton (D:12)
  6 scorpions
  3 killer bees (D:8)
  28 wights
  A howler monkey (D:4)
  4 jellies
  2 bullfrog zombies
  7 starcursed masses (Abyss:1)
  15 orc priests
  6 hounds
  A bullfrog skeleton (D:6)
  Terence (D:2)
  18 orc wizards
  10 worker ants
  A worker ant zombie (D:5)
  A howler monkey zombie (D:7)
  2 howler monkey skeletons
  7 gnolls
  14 adders
  4 river rats (Sewer)
  2 white imps
  2 oozes
  An adder zombie (D:6)
  An adder skeleton (D:9)
  9 worms
  2 dart slugs
  6 leopard geckos
  73 orcs
  6 ball pythons
  9 giant cockroaches
  12 goblins
  12 hobgoblins
  7 jackals
  10 bats
  12 frilled lizards
  A giant cockroach zombie (D:6)
  A jackal zombie (D:6)
  36 kobolds
  A leopard gecko skeleton (D:6)
  A leopard gecko zombie (D:4)
  2 quokka zombies (D:6)
  30 rats
456 creatures vanquished.

Vanquished Creatures (collateral kills)
  A hydra (D:12)
  A centaur warrior (D:12)
  A two-headed ogre (D:9)
  Nergalle (D:12)
  A troll (Orc:1)
  A warg (Orc:1)
  6 orc warriors
  2 centaurs (D:12)
  A bullfrog zombie (D:12)
  An adder (D:12)
  6 orcs
22 creatures vanquished.

Vanquished Creatures (others)
  4 fungi (D:5)
  3 withered plants (D:6)
7 creatures vanquished.

Grand Total: 485 creatures vanquished

Notes
Turn   | Place    | Note
-------+----------+-------------------------------------------
     0 | D:1      | shitwizard the Troll Berserker began the quest for the Orb.
     0 | D:1      | Reached XP level 1. HP: 22/22 MP: 0/0
   110 | D:1      | Reached XP level 2. HP: 24/29 MP: 1/1
   366 | D:1      | Reached XP level 3. HP: 36/36 MP: 2/2
   409 | D:1      | Reached ** piety under Trog
  1072 | D:2      | Noticed Terence
  1104 | D:2      | Reached XP level 4. HP: 44/44 MP: 3/3
  1177 | D:2      | Found a glowing golden altar of the Shining One.
  1231 | D:2      | Reached skill level 4 in Unarmed Combat
  1404 | D:2      | Killed Terence
  1406 | D:2      | Reached *** piety under Trog
  1633 | D:3      | Reached XP level 5. HP: 53/53 MP: 4/4
  1655 | D:3      | Gained mutation: You tend to lose your temper in combat.
                  | [potion of mutation]
  1655 | D:3      | Gained mutation: Your muscles are strong. (Str +2) [potion
                  | of mutation]
  1655 | D:3      | Gained mutation: You have a pair of small horns on your
                  | head. [potion of mutation]
  1655 | D:3      | Gained mutation: Your system is resistant to poisons.
                  | (rPois) [potion of mutation]
  1785 | D:3      | Reached skill level 5 in Unarmed Combat
  1953 | D:3      | Noticed Grinder
  2147 | D:4      | Reached XP level 6. HP: 52/61 MP: 5/5
  2179 | D:4      | Found a glowing drain.
  2186 | Sewer    | Entered a sewer
  2306 | Sewer    | Reached skill level 6 in Unarmed Combat
  2354 | Sewer    | Reached **** piety under Trog
  2483 | Sewer    | Reached XP level 7. HP: 67/67 MP: 6/6
  2509 | Sewer    | Reached skill level 7 in Unarmed Combat
  2699 | D:4      | Found Utalaf's Magic Scroll Shoppe.
  2731 | D:4      | Lost mutation: Your system is resistant to poisons. (rPois)
                  | [potion of mutation]
  2731 | D:4      | Lost mutation: You tend to lose your temper in combat.
                  | [potion of mutation]
  2731 | D:4      | Lost mutation: You have a pair of small horns on your head.
                  | [potion of mutation]
  2731 | D:4      | Lost mutation: Your muscles are strong. (Str +2) [potion of
                  | mutation]
  2731 | D:4      | Gained mutation: Armour fits poorly on your strangely
                  | shaped body. [potion of mutation]
  2731 | D:4      | Gained mutation: Your flesh is cold resistant. (rC+)
                  | [potion of mutation]
  2731 | D:4      | Gained mutation: Your muscles are strong. (Str +2) [potion
                  | of mutation]
  3118 | D:4      | Reached ***** piety under Trog
  3319 | D:4      | Reached skill level 8 in Unarmed Combat
  3534 | D:3      | Killed Grinder
  3535 | D:3      | Reached XP level 8. HP: 72/75 MP: 7/7
  3602 | D:5      | Entered Level 5 of the Dungeon
  3602 | D:5      | Found a white marble altar of Elyvilon.
  3638 | D:5      | Found a runed translucent gate.
  3639 | D:5      | Found a runed translucent gate.
  3640 | D:5      | Found a runed translucent gate.
  3643 | D:5      | Identified the +4 dagger of Ethoinwu {venom, rElec rC+
                  | Will++ Stlth-}
  3644 | D:5      | Noticed kae's ghost (novice DrTm)
  3941 | D:5      | Reached skill level 5 in Dodging
  3941 | D:5      | Reached skill level 9 in Unarmed Combat
  3973 | D:5      | Found a staircase to the Ecumenical Temple.
  4022 | Temple   | Entered the Ecumenical Temple
  4590 | D:6      | Reached skill level 10 in Unarmed Combat
  4590 | D:6      | Reached XP level 9. HP: 79/84 MP: 8/8
  4612 | D:6      | Cast into level 1 of the Abyss (orc)
  4647 | Abyss:1  | Noticed a starcursed mass
  4661 | Abyss:1  | Killed a starcursed mass
  4662 | Abyss:1  | Killed a starcursed mass
  4664 | Abyss:1  | Killed a starcursed mass
  4681 | Abyss:1  | Noticed a thrashing horror
  4687 | Abyss:1  | Noticed a large abomination
  4701 | Abyss:1  | Killed a large abomination
  4702 | Abyss:1  | Reached skill level 11 in Unarmed Combat
  4704 | D:6      | Escaped the Abyss
  4897 | D:6      | Identified a scroll of acquirement
  4897 | D:6      | Acquired the +6 tower shield of Nisud {+Fly Regen+}
  5485 | D:7      | Reached skill level 1 in Shields
  5638 | D:7      | Received a gift from Trog
  5919 | D:7      | Reached skill level 12 in Unarmed Combat
  5919 | D:7      | Reached XP level 10. HP: 92/92 MP: 9/9
  6125 | D:8      | Found Gidishor's Distillery.
  6638 | D:9      | Found a staircase to the Lair.
  6723 | D:9      | Got a wavering jade ring
  6728 | D:9      | Identified the ring of the Doge {Will+ Int+3} (You found it
                  | on level 9 of the Dungeon)
  6953 | D:9      | Found a radiant altar of Vehumet.
  7092 | D:9      | Noticed a two-headed ogre
  7100 | D:9      | Killed a two-headed ogre
  7731 | D:5      | Reached skill level 13 in Unarmed Combat
  7733 | D:5      | Killed kae's ghost
  7943 | D:10     | Entered Level 10 of the Dungeon
  8114 | D:10     | Killed an unseen horror
  8232 | D:10     | Found a runed translucent door.
  8232 | D:10     | Noticed kae's ghost (journeyman NaTm)
  8521 | D:10     | Killed kae's ghost
  8522 | D:10     | Reached XP level 11. HP: 94/101 MP: 10/10
  8636 | D:10     | Killed an unseen horror
  8801 | D:11     | Reached skill level 5 in Shields
  8991 | D:11     | Reached skill level 14 in Unarmed Combat
  9004 | D:11     | Noticed Grum
  9009 | D:11     | Killed Grum
  9244 | D:11     | Found a glowing golden altar of the Shining One.
  9349 | D:11     | Noticed a purple ugly thing
  9359 | D:11     | Killed a purple ugly thing
  9670 | D:12     | Received a gift from Trog
  9784 | D:12     | Noticed Snorg
  9798 | D:12     | Killed Snorg
  9863 | D:12     | Noticed a two-headed ogre
  9869 | D:12     | Killed a two-headed ogre
  9968 | D:12     | Noticed Rupert
  9985 | D:12     | Killed Rupert
  9986 | D:12     | Reached skill level 1 in Armour
  9986 | D:12     | Reached skill level 15 in Unarmed Combat
  9986 | D:12     | Reached XP level 12. HP: 59/109 MP: 11/11
 10012 | D:12     | Noticed Nergalle
 10013 | D:12     | Noticed a centaur warrior
 10016 | D:12     | Killed Nergalle
 10017 | D:12     | Killed a centaur warrior
 10018 | D:12     | Found a staircase to the Orcish Mines.
 10018 | D:12     | Found Aluruolu's Armour Emporium.
 10018 | D:12     | Found Binel's Weapon Emporium.
 10125 | D:12     | Noticed an eight-headed hydra
 10131 | D:12     | Killed a nine-headed hydra
 10575 | D:13     | Noticed a two-headed ogre
 10640 | D:13     | Noticed a boulder beetle
 10654 | D:13     | Killed a boulder beetle
 10769 | D:13     | Acquired the ring of Dim Light {rC+ Str+4}
 10884 | D:13     | Killed a two-headed ogre
 10974 | D:13     | Found a gate to the Vaults.
 11175 | Orc:1    | Entered Level 1 of the Orcish Mines
 11190 | Orc:1    | Reached skill level 5 in Fighting
 11231 | Orc:2    | Entered Level 2 of the Orcish Mines
 11231 | Orc:2    | Noticed Urug
 11231 | Orc:2    | Noticed an orc warlord
 11237 | Orc:1    | Noticed an orc warlord
 11259 | Orc:1    | Lost intelligence.
 11260 | Orc:1    | HP: 3/166 [orc knight/+0 bardiche (28)]
 11260 | Orc:1    | Slain by an orc

Illustrated notes

Levels and vault maps discovered:
D:1:      dpeg_arrival_orchard, layout_basic
D:2:      layout_loops_ring, tso_altar, uniq_terence
D:3:      layout_rooms, minmay_misc_feat_room, uniq_grinder
D:4:      layout_cave_pods, serial_shops, shop_scrolls, gup_sewer_entry_bubbles,
          feat_on_display
D:5:      layout_loops_ring, elyvilon_altar_5, minmay_temple_entry_nine_rooms,
          gammafunk_ghost_nasty_kobolds
D:6:      layout_loops_ring, serial_undead, serial_undead_a, serial_undead_e,
          serial_undead_e, serial_undead_a
D:7:      layout_layer_cave
D:8:      layout_loops_ring, serial_shops, shop
D:9:      layout_loops_cross, erik_lair_orcish_takeover, basic_altar,
          grunt_ministairs_4
D:10:     layout_roguey, hellmonk_ghost_happy_afterlife,
          minmay_fractal_squares_gapless_5
D:11:     layout_loops_ring, basic_altar, minivault_5, kennysheep_dice,
          uniq_grum
D:12:     layout_irregular_city, orc_david_3, chequers_serial_rivers_small_3,
          uniq_snorg, uniq_rupert, uniq_nergalle
D:13:     layout_roguey, david_vaults_4
Temple:   nicolae_temple_the_god_donut
Orc:1:    layout_caves, serial_shops, shop, library_closet
Orc:2:    st_orc_mages, layout_diamond_mine, gammafunk_ghost_cemetery,
          basic_altar, special_room, lemuel_statue_altar, uniq_josephine,
          uniq_urug

Skill      XL: |  1  2  3  4  5  6  7  8  9 10 11 12 |
---------------+-------------------------------------+-----
Dodging        | 3 4 5 6 7 |  7.8
Fighting       | 3 4 5 |  5.0
Unarmed Combat | 4 5 6 8 10 12 13 15 | 15.7
Shields        | 1 4 6 7 |  7.9
Armour         | 1 2 |  2.4
Stealth        | |  0.7

Action                   |  1- 3 |  4- 6 |  7- 9 | 10-12 || total
-------------------------+-------+-------+-------+-------++-------
Melee: Unarmed           |    86 |   225 |   343 |   613 ||  1267
       Punch             |       |     3 |    12 |       ||    15
       Headbutt          |       |    16 |     4 |       ||    20
Invok: Berserk           |     1 |     1 |     3 |     5 ||    10
       Trog's Hand       |       |       |     8 |     8 ||    16
       Brothers in Arms  |       |       |       |     4 ||     4
  Use: Potion            |       |     8 |     5 |     8 ||    21
       Scroll            |       |       |    17 |    12 ||    29
 Stab: Sleeping          |       |       |     1 |     4 ||     5
       Distracted        |       |       |       |     1 ||     1
Armor: Animal skin       |    26 |    70 |    64 |    39 ||   199
       Troll leather arm |       |       |       |    18 ||    18
Dodge: Dodged            |    51 |   104 |   113 |    84 ||   352
Block: Tower shield      |       |       |    94 |   579 ||   673

Table legend: (Time is in decaauts)
 A = Elapsed time spent in this place.
 B = Non-inter-level travel time spent in this place.
 C = Inter-level travel time spent in this place.
 D = Time resting spent in this place.
 E = Time spent auto-exploring this place.
 F = Levels seen in this place.
 G = Mean time per level.
                   A        B        C        D        E       F      G
               +--------+--------+--------+--------+--------+-----+--------+
         Total |  11158 |   3726 |   7432 |     16 |    352 |  18 |  619.9 |
       Dungeon |  10480 |   3145 |   7335 |     16 |    352 |  13 |  806.2 |
        Temple |     62 |      1 |     61 |      0 |      0 |   1 |   62.0 |
  Orcish Mines |     77 |     41 |     36 |      0 |      0 |   2 |   38.5 |
         Abyss |    107 |    107 |      0 |      0 |      0 |   1 |  107.0 |
         Sewer |    430 |    430 |      0 |      0 |      0 |   1 |  430.0 |
               +--------+--------+--------+--------+--------+-----+--------+

Top non-repeatable levels by time:
     D:4: 1008 daAuts
     D:1: 1005 daAuts
     D:9: 968 daAuts
     D:5: 949 daAuts
    D:11: 880 daAuts
     D:6: 855 daAuts
    D:10: 794 daAuts
    D:12: 785 daAuts
     D:7: 737 daAuts
    D:13: 703 daAuts
     D:2: 637 daAuts
     D:8: 633 daAuts
     D:3: 522 daAuts
   Sewer: 430 daAuts
 Abyss:1: 107 daAuts
